 Dungeon Crawl Stone Soup version 0.29-a0-82-g837932c90e (webtiles) character file.

Game seed: 12472063735864251450

1822 lordive the Grappler (level 8, -11/75 HPs)
             Began as a Troll Warper on Feb 4, 2022.
             Mangled by a two-headed ogre (29 damage)
             ... on level 7 of the Dungeon.
             The game lasted 00:04:06 (3563 turns).

lordive the Grappler (Troll Warper)                 Turns: 3563, Time: 00:04:07

Health: -11/75     AC:  4    Str: 20    XL:     8   Next: 85%
Magic:  9/9        EV: 10    Int: 11    God:
Gold:   238        SH:  0    Dex:  9    Spells: 4/9 levels left

rFire   . . .      SeeInvis .     - Unarmed
rCold   . . .      Faith    .   k - orb {light}
rNeg    . . .      Spirit   .   a - +0 robe
rPois   .          Reflect  .   (helmet restricted)
rElec   .          Harm     .   (no cloak)
rCorr   .          Rampage  .   (gloves unavailable)
Will    .....                   (boots unavailable)
Stlth   +.........              (no amulet)
HPRegen 1.02/turn               (no ring)
MPRegen 0.11/turn               (no ring)

@: glowing
A: large, unfitting armour, claws 3, regeneration 1, shaggy fur 1, tough skin 1
a: no special abilities


You were on level 7 of the Dungeon.
You visited 1 branch of the dungeon, and saw 7 of its levels.

You collected 238 gold pieces.

Inventory:

Missiles
 c - 5 boomerangs of dispersal (quivered)
Armour
 a - a +0 robe (worn)
 k - an orb of light (worn)
Wands
 p - a wand of polymorph (8)
Scrolls
 b - 2 scrolls of blinking
 d - a scroll of vulnerability {unknown}
 h - 2 scrolls of teleportation {unknown}
 i - a scroll of amnesia {unknown}
 l - a scroll of fear {unknown}
 n - 4 scrolls of identify {unknown}
 o - a scroll of fog {unknown}
Potions
 j - a potion of lignification
 m - a potion of magic


   Skills:
 + Level 3.2 Fighting
 - Level 0.8 Throwing
 + Level 4.2 Dodging
 + Level 8.3 Unarmed Combat
 + Level 1.4 Spellcasting
 * Level 4.8 Translocations


You had 4 spell levels left.
You knew the following spells:

 Your Spells              Type           Power      Damage    Failure   Level
a - Blink                 Tloc           22%        N/A       6%          2
b - Teleport Other        Tloc           11%        N/A       13%         3

Your spell library contained the following spells:

 Spells                   Type           Power      Damage    Failure   Level
 Apportation              Tloc           22%        N/A       4%          1
 Gell's Gravitas          Tloc           11%        N/A       13%         3
 Lesser Beckoning         Tloc           11%        N/A       13%         3
 Inner Flame              Hex/Fire       0%         N/A       67%         3
 Ozocubu's Armour         Ice            0%         N/A       67%         3
 Cause Fear               Hex            0%         N/A       97%         4
 Manifold Assault         Tloc           11%        N/A       75%         5
 Alistair's Intoxication  Tmut/Pois      0%         N/A       100%        5
 Metabolic Englaciation   Hex/Ice        0%         N/A       100%        5
 Simulacrum               Ice/Necr       0%         N/A       100%        6
 Discord                  Hex            0%         N/A       100%        8


Dungeon Overview and Level Annotations

Branches:
Dungeon (7/15)
 Temple: D:4-7

Altars:

Shops:
D:3 =


Innate Abilities, Weirdness & Mutations

You are too large for most types of armour.
You have claws for hands.
Your natural rate of healing is unusually fast.
You are covered in fur. (AC +1)
You have tough skin. (AC +1)


Message History

You kill the water moccasin!
You feel very sick.
You start resting.
You feel very sick. x2
You feel sick. x8
You are no longer poisoned.
You start resting.
You hear the faint creaking of a distant portcullis.
You start resting.
You hear the faint creaking of a distant portcullis.
HP restored.
You see here a water moccasin corpse.
You open the door.
A two-headed ogre comes into view.
It is wielding a +0 giant club and a +0 dire flail.
The two-headed ogre shouts in stereo!
There is an open door here.
You scratch the two-headed ogre but do no damage.
The two-headed ogre hits you with a +0 giant club!
The two-headed ogre hits you with a +0 dire flail!
You claw the two-headed ogre!
The two-headed ogre is moderately wounded.
You mangle the two-headed ogre!!
The two-headed ogre is severely wounded.
The two-headed ogre hits you with a +0 giant club!!
The two-headed ogre misses you.
You are too injured to fight recklessly!
You are too injured to fight recklessly!
You are too injured to fight recklessly!
Unknown command.
You barely miss the two-headed ogre.
The two-headed ogre is severely wounded.
The two-headed ogre hits you with a +0 giant club!!
* * * LOW HITPOINT WARNING * * *
The two-headed ogre barely misses you.
You claw the two-headed ogre!
The two-headed ogre is almost dead.
You scratch the two-headed ogre.
The two-headed ogre is almost dead.
The two-headed ogre hits you with a +0 giant club!!
You die...

....... .# .#.#. ..#
..... ... ... #.#
...#.# #.#.# #O.# #..#
#@# ##.#.# ##'##
#.##.###
##...##.......#
##.....##.##.#.#
#.......#.##.#.##
#..........##....#####
+..........†..........
########...###...#.##
#.#......##.###


You could see a two-headed ogre.

Vanquished Creatures
  Pikel (D:5)
  2 water moccasins
  2 black bears (D:6)
  A centaur (D:6)
  An ogre (D:5)
  A lemure (D:5)
  A phantom (D:6)
  A kobold brigand (D:6)
  A wyvern zombie (D:6)
  2 scorpions
  A water moccasin zombie (D:6)
  A water moccasin skeleton (D:5)
  A centaur zombie (D:6)
  A bullfrog zombie (D:5)
  2 hounds
  A jelly (D:5)
  A centaur skeleton (D:6)
  2 orc wizards (D:4)
  An iguana (D:4)
  A hound zombie (D:5)
  A hound skeleton (D:4)
  4 adders
  A white imp (D:6)
  An adder skeleton (D:4)
  A worm (D:4)
  8 orcs
  A ball python (D:1)
  A giant cockroach (D:3)
  4 hobgoblins
  3 quokkas
  4 bats
  3 frilled lizards
  4 goblins
  6 kobolds
  3 rats (D:1)
70 creatures vanquished.

Notes
Turn   | Place    | Note
-------+----------+-------------------------------------------
     0 | D:1      | lordive the Troll Warper began the quest for the Orb.
     0 | D:1      | Reached XP level 1. HP: 19/19 MP: 1/1
   329 | D:1      | Reached XP level 2. HP: 28/28 MP: 2/2
   801 | D:3      | Found Xeing's Jewellery Shop.
   812 | D:4      | Noticed a scorpion
   815 | D:4      | Killed a scorpion
   816 | D:4      | Reached XP level 3. HP: 31/35 MP: 2/4
   816 | D:4      | Reached XP level 4. HP: 37/42 MP: 2/5
   856 | D:4      | Reached skill level 3 in Unarmed Combat
   948 | D:4      | Learned a level 2 spell: Blink
   952 | D:4      | Learned a level 3 spell: Teleport Other
  1212 | D:4      | Reached XP level 5. HP: 49/49 MP: 6/6
  1574 | D:4      | Identified the +1 ring mail of Panentheism {rPois rF+
                  | Slay+2}
  1838 | D:5      | Entered Level 5 of the Dungeon
  1871 | D:5      | Reached skill level 4 in Unarmed Combat
  1930 | D:5      | Noticed an ogre
  1936 | D:5      | Killed an ogre
  1937 | D:5      | Reached XP level 6. HP: 32/57 MP: 7/7
  2208 | D:5      | Noticed Pikel
  2224 | D:5      | Killed Pikel
  2225 | D:5      | Reached skill level 6 in Unarmed Combat
  2225 | D:5      | Reached XP level 7. HP: 16/66 MP: 8/8
  2695 | D:5      | Reached XP level 8. HP: 62/74 MP: 9/9
  2816 | D:6      | Reached skill level 7 in Unarmed Combat
  3117 | D:6      | Reached skill level 8 in Unarmed Combat
  3555 | D:7      | Noticed a two-headed ogre
  3563 | D:7      | Mangled by a two-headed ogre

Illustrated notes

Levels and vault maps discovered:
D:1:      minmay_arrival_wavy_path, layout_basic, serial_glass, glass_columns_a,
          glass_columns_b, glass_columns_b, glass_columns_a, glass_columns_b,
          glass_columns_a, glass_columns_b, glass_columns_c, glass_columns_c,
          glass_columns_a, glass_columns_b, glass_columns_b, glass_columns_b,
          glass_columns_b
D:2:      layout_rooms, minmay_fractal_squares_gapless_5
D:3:      layout_basic, serial_shops, shop, minmay_misc_feat_secret_circle,
          uniq_jessica
D:4:      layout_basic
D:5:      layout_basic, uniq_pikel
D:6:      layout_cave_pools, serial_bayou_pond_d
D:7:      minmay_octagon_keep, layout_loops_corners, kennysheep_little_box,
          temple_fountains, enter_bailey_8

Skill      XL: |  1  2  3  4  5  6  7  8 |
---------------+-------------------------+-----
Dodging        | 2 3 4 |  4.2
Translocations | 3 4 |  4.8
Unarmed Combat | 3 4 6 8 |  8.3
Fighting       | 2 3 |  3.2
Throwing       | |  0.8
Spellcasting   | |  1.4

Action                   |  1- 3 |  4- 6 |  7- 9 || total
-------------------------+-------+-------+-------++-------
Melee: Unarmed           |    43 |   102 |    90 ||   235
       Punch             |       |     2 |       ||     2
  Use: Potion            |       |       |     5 ||     5
Armor: Robe              |    13 |    11 |    35 ||    59
       Skin              |       |       |    11 ||    11
Dodge: Dodged            |    21 |    45 |    47 ||   113

Table legend: (Time is in decaauts)
 A = Elapsed time spent in this place.
 B = Non-inter-level travel time spent in this place.
 C = Inter-level travel time spent in this place.
 D = Time resting spent in this place.
 E = Time spent auto-exploring this place.
 F = Levels seen in this place.
 G = Mean time per level.
                   A        B        C        D        E       F      G
               +--------+--------+--------+--------+--------+-----+--------+
         Total |   3527 |   3376 |    151 |    305 |   2595 |   7 |  503.9 |
       Dungeon |   3527 |   3376 |    151 |    305 |   2595 |   7 |  503.9 |
               +--------+--------+--------+--------+--------+-----+--------+

Top non-repeatable levels by time:
     D:4: 1022 daAuts
     D:5: 912 daAuts
     D:1: 724 daAuts
     D:6: 658 daAuts
     D:7: 123 daAuts
     D:2: 48 daAuts
     D:3: 37 daAuts
